 Dungeon Crawl Stone Soup version 0.26.0-15-gc6cd9f700b (webtiles) character file.

Game seed: 128494136315819095

12 jackrogers the Slasher (level 2, -4/19 HPs)
             Began as a Gargoyle Berserker on Jan 17, 2021.
             Was a Follower of Trog.
             Slain by a gnoll
             ... wielding a +0 flail
              (14 damage)
             ... on level 1 of the Dungeon.
             The game lasted 00:00:30 (547 turns).

jackrogers the Slasher (Gargoyle Berserker)          Turns: 547, Time: 00:00:31

Health: -4/19      AC:  4    Str: 20    XL:     2   Next: 33%
Magic:  2/2        EV: 12    Int:  7    God:    Trog [*.....]
Gold:   14         SH:  0    Dex:  9    Spells: 1/1 levels left

rFire    . . .     SeeInvis .   a - +0 falchion
rCold    . . .     Faith    .   (no shield)
rNeg     + . .     Spirit   .   b - +0 animal skin
rPois    ∞         Reflect  .   (no helmet)
rElec    +         Harm     .   (no cloak)
rCorr    .         Rampage  .   (no gloves)
Will     .....                  (no boots)
Stlth    +.........             (no amulet)
HPRegen  0.06/turn              (no ring)
MPRegen  0.08/turn              (no ring)

@: no status effects
A: negative energy resistance 1, electricity resistance, unbreathing,
petrification resistance, miasma immunity, AC +2
a: Renounce Religion, Berserk


You were on level 1 of the Dungeon.
You worshipped Trog.
Trog was aware of your devotion.
You visited 1 branch of the dungeon, and saw 1 of its levels.

You collected 14 gold pieces.

Inventory:

Hand Weapons
 a - a +0 falchion (weapon)
Armour
 b - a +0 animal skin (worn)
Scrolls
 d - a scroll of teleportation {unknown}
 f - a scroll of remove curse {unknown}
Potions
 c - a potion of haste {unknown}
 e - a potion of curing {unknown}
 g - a potion of magic {unknown}


   Skills:
 - Level 3.2 Fighting
 + Level 3.3 Long Blades
 - Level 2.1 Armour
 - Level 1.5 Dodging


You had one spell level left.
You didn't know any spells.
Your spell library was empty.

Dungeon Overview and Level Annotations

Branches:
Dungeon (1/15)

Altars:


Innate Abilities, Weirdness & Mutations

You are resistant to torment.
Your stone body is resilient. (AC +2)
You are immune to poison.
You resist negative energy. (rN+)
You are resistant to electric shocks. (rElec)
You can survive without breathing.
You are immune to petrification.
You are immune to miasma.


Message History

You hit the kobold.
You kill the kobold!
Trog accepts your kill.
No target in view!
No target in view!
You see here a whip.
e - a pink potion A kobold comes into view.
It is wielding a +0 whip.
The kobold shouts!
The kobold throws a stone.
The stone barely misses you.
A kobold is nearby!
A kobold is nearby!
A kobold is nearby!
A frilled lizard comes into view.
The frilled lizard hisses angrily.
The kobold hits you but does no damage.
You closely miss the kobold. The kobold hits you with a +0 whip.
You hit the kobold. The kobold closely misses you.
You barely miss the kobold. The kobold hits you but does no damage.
The frilled lizard closely misses you.
You riposte.
You closely miss the frilled lizard. The kobold misses you.
You barely miss the kobold. The frilled lizard barely misses you.
The kobold closely misses you.
You riposte.
You barely miss the kobold. You hit the kobold.
You kill the kobold!
Trog accepts your kill. The frilled lizard barely misses you.
You riposte.
You slash the frilled lizard!
You kill the frilled lizard!
Trog accepts your kill.
No target in view!
No target in view!
No target in view!
f - a scroll labelled JANEXT XECOHU
Things that are here:
a +0 whip; 4 stones; a kobold corpse A bat comes into view.
A bat is nearby!
A bat is nearby!
A bat is nearby!
The bat hits you but does no damage.
A rat comes into view.
The bat hits you but does no damage. The bat hits you but does no damage.
The bat misses you.
You riposte.
You hit the bat but do no damage. You barely miss the bat. The bat misses you.
You riposte.
You closely miss the bat. The bat hits you but does no damage.
You barely miss the bat. The bat hits you but does no damage.
The bat barely misses you.
You barely miss the bat. The bat misses you. The bat hits you.
The bat misses you.
You closely miss the bat. The bat misses you.
You riposte.
You closely miss the bat. The bat misses you. The rat misses you.
You riposte.
You hit the rat.
You kill the rat!
Trog accepts your kill.
You slash the bat!
You kill the bat!
Trog accepts your kill.
No target in view!
No target in view!
You see here a bat corpse.
You see here a bat corpse.
A rat comes into view.
A rat is nearby!
A rat is nearby!
A rat is nearby!
You barely miss the rat. The rat barely misses you.
You barely miss the rat. The rat barely misses you.
You closely miss the rat. The rat barely misses you.
You barely miss the rat. The rat misses you.
You riposte.
You closely miss the rat. You barely miss the rat. The rat closely misses you.
You hit the rat.
You kill the rat!
Trog accepts your kill.
No target in view!
No target in view!
g - a fizzy green potion A gnoll comes into view.
It is wielding a +0 flail.
The gnoll moves out of view.
A bat comes into view.
Spoiler Alert: The gnoll can hit for moderate damage in melee, and throws nets!
There are monsters nearby!
There are monsters nearby!
The gnoll closely misses you.
You hit the gnoll but do no damage. You hit the gnoll.
The gnoll closely misses you.
You riposte.
You slash the gnoll!
Spoiler Alert: The gnoll can hit for moderate damage in melee, and throws nets!
You barely miss the gnoll. The gnoll barely misses you.
You barely miss the gnoll. The gnoll hits you with a +0 flail!
You are too injured to fight recklessly!
You are too injured to fight recklessly!
You are too injured to fight recklessly!
You are too injured to fight recklessly!
Spoiler Alert: The gnoll can hit for moderate damage in melee, and throws nets!
You hit the gnoll but do no damage. The gnoll hits you with a +0 flail!
Ouch! That really hurt!
You die...

###+### #
#.....# ..
#.....# ...
+.....# ##
.... #.....# .
#.
b....###.....#
... #.
#.....@g...#
....##
#..##.######
......
#..##.####
##.##
#........# .
...#
#.###.##.# ##.
#.## ..
..#.##.# #..
#.## #.
#.#.##.# #.#
#.## #.
#.#.##.# #.#
#.## #.
#####.#.##.#
#.######.##


You could see a gnoll.

Vanquished Creatures
  A giant cockroach (D:1)
  2 goblins (D:1)
  2 hobgoblins (D:1)
  A bat (D:1)
  A frilled lizard (D:1)
  3 kobolds (D:1)
  3 rats (D:1)
13 creatures vanquished.

Notes
Turn   | Place    | Note
-------+----------+-------------------------------------------
     0 | D:1      | jackrogers the Gargoyle Berserker began the quest for the
                  | Orb.
     0 | D:1      | Reached XP level 1. HP: 14/14 MP: 1/1
    58 | D:1      | Reached skill level 3 in Long Blades
   262 | D:1      | Reached XP level 2. HP: 14/19 MP: 2/2
   547 | D:1      | Slain by a gnoll

Illustrated notes

Levels and vault maps discovered:
D:1:      dpeg_arrival_pits, layout_basic

Skill      XL: |  1 |
---------------+----+-----
Long Blades    | 3 |  3.3
Fighting       | |  3.2
Armour         | |  2.1
Dodging        | |  1.5

Action                   || total
-------------------------++-------
Melee: Falchion          ||    53
Armor: Animal skin       ||    12
Dodge: Dodged            ||    43
       Rpst.: Falchion   ||    13

Table legend: (Time is in decaauts)
 A = Elapsed time spent in this place.
 B = Non-inter-level travel time spent in this place.
 C = Inter-level travel time spent in this place.
 D = Time resting spent in this place.
 E = Time spent auto-exploring this place.
 F = Levels seen in this place.
 G = Mean time per level.
                   A        B        C        D        E       F      G
               +--------+--------+--------+--------+--------+-----+--------+
         Total |    554 |    554 |      0 |      0 |    460 |   1 |  554.0 |
       Dungeon |    554 |    554 |      0 |      0 |    460 |   1 |  554.0 |
               +--------+--------+--------+--------+--------+-----+--------+

Top non-repeatable levels by time:
     D:1: 554 daAuts

Table legend:
 A = Kills in this place as a percentage of kills in entire the game.
 B = Kills by you in this place as a percentage of kills by you in the entire game.
 C = Kills by friends in this place as a percentage of kills by friends in the entire game.
 D = Other kills in this place as a percentage of other kills in the entire game.
 E = Experience gained in this place as a percentage of experience gained in the entire game.
 F = Experience gained in this place divided by the number of levels of this place that you have seen.
                   A       B       C       D       E      F
               +-------+-------+-------+-------+-------+----------------------
         Total | 100.0 | 100.0 |   N/A |   N/A | 100.0 |  18.0
       Dungeon | 100.0 | 100.0 |   N/A |   N/A | 100.0 |  18.0
               +-------+-------+-------+-------+-------+----------------------
